 Dungeon Crawl Stone Soup version 0.31.0-11-ge490571c62 (webtiles) character file.

Game seed: 3898981724830425677

462 qw the Ducker (level 6, -3/30 HPs)
             Began as a Spriggan Hunter on Feb 4, 2024.
             Slain by a river rat (8 damage)
             ... on level 5 of the Dungeon.
             The game lasted 00:00:12 (2769 turns).

qw the Ducker (Spriggan Hunter)                     Turns: 2769, Time: 00:00:12

Health: -3/30      AC:  2    Str:  9    XL:     6   Next: 79%
Magic:  7/7        EV: 23    Int: 10    God:
Gold:   133        SH:  0    Dex: 23    Spells: 5/5 levels left

rFire   . . .        a - +0 shortbow
rCold   + . .        (shield currently unavailable)
rNeg    + . .        c - +0 robe
rPois   +            (helmet restricted)
rElec   .            p - scarf {repulsion}
rCorr   .            (gloves unavailable)
SInv    +            (boots unavailable)
Will    +....        j - amulet of faith
Stlth   ++           b - ring of Yryg {rC+ rN+ Str+2 Dex+2}
HPRegen 0.25/turn    k - ring of poison resistance
MPRegen 0.10/turn

%: repel missiles, faith
@: very quick
A: very small, no large weapons, unfitting armour, see invisible, speed 3
a: no special abilities


You were on level 5 of the Dungeon.
You visited 1 branch of the dungeon, and saw 5 of its levels.

You collected 133 gold pieces.


Innate Abilities, Weirdness & Mutations

You are very small and have problems with some larger weapons.
You are too small for most types of armour.
You have supernaturally acute eyesight. (SInv)
You cover ground extremely quickly. (Speed+++)


   Skills:
 - Level 2.0 Fighting
 - Level 6.5 Ranged Weapons
 + Level 6.6 Dodging
 - Level 1.5 Stealth


You had 5 spell levels left.
You didn't know any spells.
Your spell library was empty.

Inventory:

Hand Weapons
 a - a +0 shortbow (weapon)
Armour
 c - a +0 robe (worn)
 e - a +0 cloak
 p - a scarf of repulsion (worn)
Jewellery
 b - the ring of Yryg (left hand) {rC+ rN+ Str+2 Dex+2}
   (You found it on level 4 of the Dungeon)

   [ring of positive energy]

   Str+2:     It affects your strength (+2).
   Dex+2:     It affects your dexterity (+2).
   rC+:       It protects you from cold.
   rN+:       It protects you from negative energy.
 j - an amulet of faith (around neck)
 k - a ring of poison resistance (right hand)
 Y - a ring of positive energy
Wands
 h - a wand of paralysis (9)
Potions
 i - 2 potions of curing
 l - a potion of berserk rage {unknown}
 m - a potion of lignification {unknown}
 o - a potion of attraction {unknown}
 q - a potion of might {unknown}

Dungeon Overview and Level Annotations

Branches:
Dungeon (5/15)
 Temple: D:4-7

Altars:

Shops:
D:2 [


Message History

The howler monkey is lightly wounded.
The howler monkey closely misses you. The river rat misses you.
The howler monkey misses you.
You shoot an arrow. The arrow hits the howler monkey.
The howler monkey is moderately wounded.
The river rat misses you.
The howler monkey hits you but does no damage.
The river rat completely misses you.
You shoot an arrow. The arrow hits the howler monkey.
The howler monkey is severely wounded.
The howler monkey hits you but does no damage.
A sleepcap comes into view.
The river rat bites you.
You shoot an arrow. The arrow hits the howler monkey!
You kill the howler monkey!
The river rat closely misses you.
You shoot an arrow.
The arrow hits the river rat but does no damage.
The river rat bites you!
A ribbon worm comes into view.
You shoot an arrow. The arrow barely misses the river rat.
The river rat closely misses you.
You shoot an arrow. The arrow hits the river rat.
The river rat is lightly wounded.
The river rat closely misses you.
You shoot an arrow. The arrow closely misses the river rat.
The river rat misses you.
You shoot an arrow.
The arrow hits the sleepcap but does no damage.
An adder comes into view.
The sleepcap closely misses you. The river rat completely misses you.
The adder moves out of view.
You shoot an arrow. The arrow hits the sleepcap.
The sleepcap is lightly damaged.
The sleepcap misses you. The river rat closely misses you.
You shoot an arrow.
The arrow hits the sleepcap but does no damage.
The sleepcap is lightly damaged.
The sleepcap barely misses you. The river rat bites you!
You die...

#.....P.#.##
#.....P....####.
##......<........
##.#..............
###................. ###
#.....#.............
#....##...................
..........r#.###..........
###.....#.%@..###.........
#.h%..#.##f.# ####.....
#~......# ..# #~...w...
.... ~h~~.....# .....
#~#~.....!# .......
#~~~....... ......#
.......


You could see a sleepcap, a ribbon worm and a river rat.

Vanquished Creatures
  A scorpion (D:4)
  2 howler monkeys
  A bombardier beetle (D:4)
  An orc priest (D:3)
  An iguana (D:4)
  2 orc wizards (D:4)
  6 adders
  3 gnolls (D:4)
  A river rat (D:5)
  A white imp (D:4)
  A dart slug (D:4)
  2 ribbon worms
  5 orcs
  8 bats
  2 endoplasms
  2 giant cockroaches
  8 goblins
  14 hobgoblins
  2 kobolds
  4 quokkas
  8 ball pythons
  4 frilled lizards
  4 rats
83 creatures vanquished.

Notes
Turn   | Place    | Note
-------+----------+-------------------------------------------
     0 | D:1      | qw the Spriggan Hunter began the quest for the Orb.
     0 | D:1      | Reached XP level 1. HP: 10/10 MP: 2/2
     0 | D:1      | 0 ||| qw: Version: 0.3-a-160-g6735b56
     0 | D:1      | 0 ||| qw: Game counter: 5436
     0 | D:1      | 0 ||| qw: Melee chars always use a shield: true
     0 | D:1      | 0 ||| qw: God list: Okawaru
     0 | D:1      | 0 ||| qw: Allow faded altars: false
     0 | D:1      | 0 ||| qw: Do Orc after clearing Dungeon:15 true
     0 | D:1      | 0 ||| qw: Do second Lair branch before Depths: true
     0 | D:1      | 0 ||| qw: Lair rune preference: random
     0 | D:1      | 0 ||| qw: Goals: Normal
     0 | D:1      | 0 ||| PLANNING D:1-11
    41 | D:1      | Reached skill level 3 in Dodging
   188 | D:1      | Reached XP level 2. HP: 14/14 MP: 3/3
   588 | D:1      | 588 ||| UPGRADING to +0 cloak.
   593 | D:1      | 593 ||| UPGRADING to ring of poison resistance.
   594 | D:1      | 594 ||| READING scroll labelled SUEBLI IQOOM.
   622 | D:1      | 622 ||| READING scroll labelled XUIGUI GYAGEUS.
   623 | D:1      | 623 ||| DROPPING scroll of butterflies.
   677 | D:2      | Found Gafomaoxa's Armour Emporium.
   689 | D:2      | 689 ||| SHOPLISTING +0 cloak of willpower (126 gold, have
                  | 18).
   791 | D:2      | Reached XP level 3. HP: 18/18 MP: 4/4
  1035 | D:2      | 1035 ||| READING scroll labelled WITOON GUJOARI.
  1035 | D:2      | 1035 ||| IDENTIFYING coppery potion
  1586 | D:3      | Reached XP level 4. HP: 22/22 MP: 5/5
  1677 | D:3      | 1677 ||| FLEEEEING.
  1699 | D:3      | 1699 ||| FLEEEEING.
  1700 | D:3      | 1700 ||| FLEEEEING.
  1706 | D:3      | 1706 ||| FLEEEEING.
  1709 | D:3      | 1709 ||| FLEEEEING.
  1710 | D:3      | 1710 ||| FLEEEEING.
  1711 | D:3      | 1711 ||| FLEEEEING.
  1712 | D:3      | 1712 ||| STAIRDANCE
  1723 | D:2      | 1723 ||| UPGRADING to amulet of faith.
  1728 | D:2      | 1728 ||| UPGRADING to ring of positive energy.
  1729 | D:2      | 1729 ||| READING scroll labelled VUW NIAFIG.
  1730 | D:2      | 1730 ||| READING scroll labelled OPU YTADUI.
  1731 | D:2      | 1731 ||| DRINKING 3 green potions.
  1991 | D:4      | 1991 ||| DRINKING 3 potions of curing.
  1991 | D:4      | 1991 ||| (to cure confusion)
  2000 | D:4      | Reached XP level 5. HP: 26/26 MP: 6/6
  2097 | D:4      | Identified the ring of Yryg {rC+ rN+ Str+2 Dex+2}
  2180 | D:4      | Reached skill level 6 in Ranged Weapons
  2180 | D:4      | Reached XP level 6. HP: 16/30 MP: 7/7
  2325 | D:4      | 2325 ||| FLEEEEING.
  2328 | D:4      | 2328 ||| FLEEEEING.
  2330 | D:4      | 2330 ||| FLEEEEING.
  2331 | D:4      | 2331 ||| FLEEEEING.
  2333 | D:4      | 2333 ||| FLEEEEING.
  2416 | D:4      | Reached skill level 6 in Dodging
  2419 | D:4      | HP: 5/30 [gnoll/+0 flail (4)]
  2420 | D:4      | 2420 ||| DRINKING potion of heal wounds.
  2682 | D:4      | 2682 ||| UPGRADING to scarf of repulsion.
  2692 | D:4      | 2692 ||| UPGRADING to ring of Yryg {rC+ rN+ Str+2 Dex+2}.
  2694 | D:4      | 2694 ||| UPGRADING to ring of poison resistance.
  2696 | D:4      | 2696 ||| READING scroll of identify.
  2696 | D:4      | 2696 ||| IDENTIFYING lumpy grey potion
  2697 | D:4      | 2697 ||| READING scroll labelled GIBYEFF AGHOH.
  2698 | D:4      | 2698 ||| READING scroll labelled BEEKOA ROGG.
  2699 | D:4      | 2699 ||| DROPPING potion of degeneration.
  2713 | D:5      | Entered Level 5 of the Dungeon
  2714 | D:5      | 2714 ||| PLANNING SEWER
  2741 | D:5      | 2741 ||| RETREEEEATING.
  2743 | D:5      | 2743 ||| RETREEEEATING.
  2744 | D:5      | 2744 ||| RETREEEEATING.
  2749 | D:5      | 2749 ||| RETREEEEATING.
  2763 | D:5      | HP: 3/30 [river rat (8)]
  2769 | D:5      | Slain by a river rat

Levels and vault maps discovered:
D:1:      dpeg_arrival_pits, layout_basic
D:2:      layout_rooms, serial_shops, nicolae_shop_statue_plus,
          chequers_serial_rivers_micro_e
D:3:      minmay_skewed_foursquare, layout_loops_ring, minmay_between
D:4:      layout_basic
D:5:      layout_cave_pools, overflow_temple_1_default,
          lightli_sewer_entry_pipes, serial_undead, serial_undead_b,
          serial_undead_a, serial_undead_f, serial_undead_e

Skill      XL: |  1  2  3  4  5  6 |
---------------+-------------------+-----
Dodging        | 3 4 5 6 |  6.6
Ranged Weapons | 5 6 |  6.5
Fighting       | 2 |  2.0
Stealth        | |  1.5

Action                     |  1- 3 |  4- 6 || total
---------------------------+-------+-------++-------
   Fire: Shortbow          |   117 |   190 ||   307
    Use: Scroll            |     3 |     5 ||     8
         Potion            |       |     3 ||     3
 Armour: Robe              |    11 |    37 ||    48
  Dodge: Dodged            |    25 |   119 ||   144

Table legend:
 A = Non-vault XP
 B = Vault XP
 C = Vault XP percentage of total XP
 D = Non-vault monster count
 E = Vault monster count
 F = Vault count percentage of total count
                 A         B        C        D         E       F
            +---------+---------+-------+---------+---------+-------
      Total |     598 |      63 |   9.5 |      74 |       9 |  10.8
            +---------+---------+-------+---------+---------+-------
        D:1 |      30 |       0 |   0.0 |      17 |       0 |   0.0
        D:2 |      33 |       0 |   0.0 |      11 |       0 |   0.0
        D:3 |      81 |      22 |  21.4 |      21 |       6 |  22.2
        D:4 |     399 |       0 |   0.0 |      24 |       0 |   0.0
        D:5 |      55 |      41 |  42.7 |       1 |       3 |  75.0
            +---------+---------+-------+---------+---------+-------
